 Dungeon Crawl Stone Soup version 0.23-a0-448-g1c01f63 (webtiles) character file.

6 Dfrag the Firebug (level 1, -1/15 HPs)
             Began as a Naga Fire Elementalist on Nov 20, 2018.
             Slain by a giant cockroach (2 damage)
             ... on level 1 of the Dungeon.
             The game lasted 00:00:18 (163 turns).

Dfrag the Firebug (Naga Fire Elementalist)           Turns: 163, Time: 00:00:19

Health: -1/15      AC:  1    Str: 10    XL:     1   Next: 90%
Magic:  0/3        EV: 10    Int: 15    God:
Gold:   8          SH:  0    Dex: 11    Spells: 3/4 levels left

rFire    . . .     SeeInvis +   (no weapon)
rCold    . . .     Gourm    .   (no shield)
rNeg     . . .     Faith    .   a - +0 robe
rPois    +         Spirit   .   (no helmet)
rElec    .         Reflect  .   (no cloak)
rCorr    .         Harm     .   (no gloves)
MR       .....                  (no barding)
Stlth    ++........             (no amulet)
HPRegen  0.05/turn              (no ring)
MPRegen  0.08/turn              (no ring)

@: very slow
A: large, see invisible, deformed body, poison resistance, slowness 2, slow
metabolism 1, spit poison 1, AC +0
a: Spit Poison


You were on level 1 of the Dungeon.
You were not hungry.

You visited 1 branch of the dungeon, and saw 1 of its levels.

You collected 8 gold pieces.

Inventory:

Armour
 a - a +0 robe (worn)
Comestibles
 c - a ration


   Skills:
 - Level 1.5 Dodging
 - Level 3.0 Stealth
 + Level 2.1 Spellcasting
 + Level 1.3 Conjurations
 + Level 3.1 Fire Magic


You had 3 spell levels left.
You knew the following spells:

 Your Spells              Type           Power        Failure   Level  Hunger
a - Flame Tongue          Conj/Fire      #....        9%          1    #......

Your spell library contained the following spells:

 Spells                   Type           Power        Failure   Level  Hunger
 Throw Flame              Conj/Fire      #.....       13%         2    ###....
 Conjure Flame            Conj/Fire      #.......     26%         3    ###....
 Inner Flame              Hex/Fire       #.......     34%         3    ###....
 Sticky Flame             Conj/Fire      #.......     65%         4    #####..
 Fireball                 Conj/Fire      #.........   94%         5    ######.


Dungeon Overview and Level Annotations

Branches:
Dungeon (1/15)

Altars:


Innate Abilities, Weirdness & Mutations

You cannot wear boots.
Your serpentine skin is tough. (AC +0)
You have supernaturally acute eyesight. (SInv)
Armour fits poorly on your strangely shaped body.
Your system is resistant to poisons. (rPois)
You cover ground very slowly.
You have a slow metabolism.
You can spit poison.


Message History

You closely miss the giant cockroach.
The giant cockroach is severely wounded.
The bat closely misses you. The giant cockroach barely misses you.
The giant cockroach closely misses you.
You hit the giant cockroach but do no damage.
The giant cockroach is heavily wounded.
The bat hits you. The giant cockroach bites you.
* * * LOW HITPOINT WARNING * * *
You hit the giant cockroach but do no damage.
The giant cockroach is heavily wounded.
You have got your breath back.
The bat barely misses you. The giant cockroach bites you.
* * * LOW HITPOINT WARNING * * *
You hit the giant cockroach but do no damage.
The giant cockroach is heavily wounded.
The giant cockroach barely misses you. The bat hits you but does no damage.
You hit the giant cockroach.
The giant cockroach is heavily wounded.
The bat closely misses you. The giant cockroach bites you.
You die...

##. .# .[ .# #!### .#
.#.# .# ####..##.#
..#........# .......$#)#
... .(...†..s@##### ....
.........b....# .>...
.....>........##....(...
.....$######..##........
.##.## #)........... ...
######...#........ ...
................... ##
..#####............
#......#........


You could see a giant cockroach and a bat.

Vanquished Creatures
  A leopard gecko (D:1)
  A bat (D:1)
  A hobgoblin (D:1)
  2 kobolds (D:1)
5 creatures vanquished.

Notes
Turn   | Place    | Note
-------+----------+-------------------------------------------
     0 | D:1      | Dfrag the Naga Fire Elementalist began the quest for the
                  | Orb.
     0 | D:1      | Reached XP level 1. HP: 15/15 MP: 3/3
   163 | D:1      | Slain by a giant cockroach

Vault maps used:
D:1:      evilmike_arrival_rings, minmay_octomino_j4

Action                   || total
-------------------------++-------
Melee: Unarmed           ||    13
 Cast: Flame Tongue      ||     6
 Abil: Spit Poison       ||     4
Armor: Robe              ||     9
Dodge: Dodged            ||    23

Table legend:
 A = Non-vault XP
 B = Vault XP
 C = Vault XP percentage of total XP
 D = Non-vault monster count
 E = Vault monster count
 F = Vault count percentage of total count
                 A         B        C        D         E       F
            +---------+---------+-------+---------+---------+-------
      Total |       6 |       3 |  33.3 |       3 |       2 |  40.0
            +---------+---------+-------+---------+---------+-------
        D:1 |       6 |       3 |  33.3 |       3 |       2 |  40.0
            +---------+---------+-------+---------+---------+-------
